Map: Lerilak Crest

Players

LilDicky - Winner!

  • Race: Terran Terran
  • League: Diamond

AridRepublic

  • Race: Protoss Protoss
  • League: Diamond

VOD

http://www.twitch.tv/tumescentpie

Description

Time

  • Played on: Dec. 11, 2015, 1:33 p.m.
  • Length: 6:40
Show
View Real Time Build Order
Export as new Build Order

LilDicky Terran - Winner!

Build Orders: MMM Bio 

Get SALT Encoding   

  12  0:01  SCV  
  13  0:13  SCV  
  14  0:25  SCV  
  14  0:26  Supply Depot  
  15  0:30  Refinery  
  15  0:47  SCV  
  16  0:57  Barracks  
  16  0:59  SCV  
  17  1:11  SCV  
  18  1:23  SCV  
  19  1:36  SCV  
  20  1:51  Factory  
  20  1:53  Marine  
  21  1:56  Supply Depot, Orbital Command  
  21  2:11  Marine  
  22  2:22  Barracks  
  22  2:23  SCV  
  22  2:25  Barracks  
  22  2:29  Barracks Reactor, Refinery  
  23  2:38  SCV  
  23  2:43  Supply Depot  
  24  2:50  SCV  
  25  2:54  Widow Mine  
  26  3:03  SCV  
  27  3:11  Barracks Tech Lab  
  27  3:12  Barracks Tech Lab  
  27  3:19  SCV  
  28  3:20  Marine x2  
  30  3:34  Stimpack  
  30  3:35  Combat Shields  
  30  3:36  Marine x2  
  30  3:37  SCV  
  33  3:42  Starport  
  33  3:43  Supply Depot, Marine x2  
  35  3:54  SCV  
  36  3:56  Marauder  
  36  4:01  Marine  
  39  4:03  Supply Depot  
  39  4:04  Marine  
  39  4:05  Marauder  
  39  4:08  SCV  
  43  4:17  Marine  
  43  4:18  Marine  
  43  4:22  Marine  
  46  4:27  Marauder  
  46  4:30  Medivac  
  48  4:31  SCV  
  48  4:35  Marauder  
  48  4:37  Supply Depot  
  51  4:46  Supply Depot  
  51  4:47  Marine x2  
  53  4:53  Concussive Shells  
  49  5:01  Marine x2  
  49  5:04  Marine  
Show
View Real Time Build Order
Export as new Build Order

AridRepublic Protoss 

Build Orders: 1 Gate Expand, Oracle Opening 

Get SALT Encoding   

  12  0:01  Probe (Chrono Boost)  
  13  0:12  Probe (Chrono Boost)  
  14  0:19  Pylon  
  14  0:23  Probe (Chrono Boost)  
  15  0:37  Gateway  
  15  0:39  Probe (Chrono Boost)  
  16  0:44  Assimilator  
  16  0:52  Probe (Chrono Boost)  
  17  1:03  Probe (Chrono Boost)  
  18  1:16  Probe (Chrono Boost)  
  19  1:24  Cybernetics Core  
  19  1:32  Nexus  
  19  1:37  Probe (Chrono Boost)  
  20  1:40  Assimilator  
  20  1:48  Probe (Chrono Boost)  
  21  1:57  Pylon  
  21  2:01  Probe (Chrono Boost)  
  26  2:15  Adept (Chrono Boost)  
  26  2:16  Mothership Core (Chrono Boost)  
  26  2:21  Warp Gate  
  26  2:36  Probe (Chrono Boost)  
  27  2:40  Stargate  
  27  2:50  Pylon  
  27  2:58  Adept (Chrono Boost)  
  29  3:03  Pylon  
  29  3:11  Gateway  
  29  3:12  Gateway  
  29  3:17  Probe  
  29  3:19  Probe  
  31  3:28  Probe (Chrono Boost)  
  32  3:38  Probe (Chrono Boost)  
  32  3:40  Probe (Chrono Boost)  
  34  3:47  Gateway  
  34  3:49  Probe (Chrono Boost)  
  34  3:50  Probe (Chrono Boost)  
  36  3:57  Oracle  
  36  4:00  Probe (Chrono Boost)  
  40  4:09  Probe (Chrono Boost)  
  41  4:10  Probe (Chrono Boost)  
  41  4:12  Pylon  
  42  4:19  Robotics Facility  
  42  4:33  Probe x2 (Chrono Boost)  
  42  4:36  Assimilator  
  44  4:42  Void Ray (Chrono Boost)  
  44  4:44  Probe x2 (Chrono Boost)  
  50  4:54  Probe (Chrono Boost)  
  50  4:55  Probe (Chrono Boost)  
  52  5:05  Probe (Chrono Boost)  
  53  5:13  Stalker x3  
  59  5:16  Observer  
  59  5:17  Probe (Chrono Boost)  
  59  5:18  Probe (Chrono Boost)  
  62  5:24  Void Ray (Chrono Boost)  
  62  5:27  Probe  
  62  5:29  Probe  
  64  5:39  Stalker x3  
Tags
 
Add a new tag
Caveats
  • Supply blocks, unpowered buildings, or Contaminate may cause inaccurate times.
  • Supply counts are checked every 10 seconds.